 Dungeon Crawl Stone Soup version bcrawl-1.24.1 (webtiles) character file.

Game seed: 11327095869147611142

35 duje the Insei (level 3, -5/20 HPs)
             Began as a Vine Stalker Transmuter on June 19, 2020.
             Slain by Sigmund
             ... wielding a +5 scythe of venom
              (15 damage)
             ... on level 2 of the Dungeon.
             The game lasted 00:13:53 (1554 turns).

duje the Insei (Vine Stalker Transmuter)            Turns: 1554, Time: 00:13:54

Health: -5/20      AC:  2    Str: 12    XL:     3   Next: 35%
Magic:  6/7        EV: 12    Int: 14    God:
Gold:   158        SH:  0    Dex: 14    Spells: 0/6 levels left

rFire    . . .     SeeInvis .     - Fists (7.5)
rCold    . . .     Gourm    .   (no shield)
rNeg     . . .     Faith    .   b - +0 robe
rPois    .         Spirit   .   (no helmet)
rElec    .         Reflect  .   (no cloak)
rCorr    .         Harm     .   (no gloves)
MR       .....                  (no boots)
Stlth    +.........             (no amulet)
HPRegen  0.46/turn              (no ring)
MPRegen  0.10/turn              (no ring)

@: confused
A: fangs 2, regeneration 1, no potion heal 3, rot immunity, strong jaws
a: no special abilities


You were on level 2 of the Dungeon.
You were near starving.

You visited 1 branch of the dungeon, and saw 2 of its levels.

You collected 158 gold pieces.

Inventory:

Missiles
 a - 30 arrows
 h - 107 javelins (quivered)
Armour
 b - a +0 robe (worn)
Jewellery
 c - an uncursed ring of poison resistance {unknown}
Scrolls
 f - a scroll of blinking {unknown}
 j - 2 scrolls of identify {unknown}
 k - 2 scrolls of teleportation {unknown}
 l - a scroll of magic mapping {unknown}
 n - a scroll of enchant armour {unknown}
 o - a scroll of amnesia {unknown}
Potions
 g - a potion of berserk rage {unknown}
 i - a potion of might {unknown}
 m - a potion of curing {unknown}
Comestibles
 e - 4 rations {!d}


   Skills:
 - Level 0.8 Fighting
 - Level 2.0 Dodging
 * Level 3.9 Unarmed Combat
 - Level 2.1 Spellcasting
 + Level 2.6 Transmutations


You couldn't memorise any spells.
You knew the following spells:

 Your Spells              Type           Power        Failure   Level  Hunger
a - Beastly Appendage     Tmut           #.....       8%          1    #......
b - Sticks to Snakes      Tmut           #.......     12%         2    ###....
c - Spider Form           Tmut/Pois      #..          38%         3    ###....

Your spell library contained the following spells:

 Spells                   Type           Power        Failure   Level  Hunger
 Ice Form                 Ice/Tmut       #.......     80%         4    #####..
 Blade Hands              Tmut           #.........   91%         5    ######.


Dungeon Overview and Level Annotations

Branches:
Dungeon (2/12)

Altars:
Uskayaw

Annotations:
D:2 Sigmund


Innate Abilities, Weirdness & Mutations

You have extremely sharp teeth.
Your natural rate of healing is unusually fast.
Potions cannot restore your health.
You are immune to rotting.
Your bites deal extra damage.


Message History

You feel sick.
You feel sick.
You are no longer poisoned.
You are confused.
You hear some strange, mumbled words.
You are more confused.
What are your orders? t - Shout!
Anything else - Cancel.
Okay, then.
There is a stone staircase leading down here.
Things that are here:
a cursed -3 short sword; a stone You bump into the rock wall.
You hear some strange, mumbled words.
You are more confused.
You hear some strange, mumbled words.
You are more confused.
Something hits you!
Ouch! That really hurt!
You die...

#.#....).....................'#
#.#.....#####.#....8.......8...
#.#...........####.............
#.#....######.###########......
#.#....####..>.........####....
#.#.###.......########..# #.#.#
#.#.# #.......# ##.###.#.#
#.#.###.......#########..##.#.#
#.#..S'.......@...........#)#.#
#.#..##......###########..#.#.#
#.#......######## #.#.#.#
#.#.####.####...#########.#.#.#
#.#.##......'...+...........#.#
#....#.#'####...##########..#..
#...##.....).####...........#.#
#............# #.#####........
#...###......# #.#......##...#


There were no monsters in sight!

Vanquished Creatures
  2 worms
  A dart slug (D:2)
  2 leopard geckos (D:1)
  A ball python (D:1)
  2 giant cockroaches
  2 goblins (D:1)
  2 bats (D:1)
  3 frilled lizards (D:1)
  6 kobolds
  3 rats
24 creatures vanquished.

Vanquished Creatures (collateral kills)
  A dart slug (D:1)
  A leopard gecko (D:2)
  A bat (D:2)
3 creatures vanquished.

Grand Total: 27 creatures vanquished

Notes
Turn   | Place    | Note
-------+----------+-------------------------------------------
     0 | D:1      | duje the Vine Stalker Transmuter began the quest for the
                  | Orb.
     0 | D:1      | Reached XP level 1. HP: 11/11 MP: 4/4
    83 | D:1      | Reached XP level 2. HP: 2/16 MP: 4/6
   197 | D:1      | Learned a level 2 spell: Sticks to Snakes
   427 | D:1      | Reached XP level 3. HP: 15/20 MP: 7/7
   432 | D:1      | Learned a level 3 spell: Spider Form
   848 | D:2      | Found a hide-covered altar of Uskayaw.
  1453 | D:2      | Noticed Sigmund
  1522 | D:2      | HP: 1/30 [something (7)]
  1554 | D:2      | Slain by Sigmund

Action                   || total
-------------------------++-------
Melee: Unarmed           ||    81
       Kick              ||     3
       Bite              ||     4
Throw: Javelin           ||    12
 Cast: Beastly Appendage ||     4
       Sticks to Snakes  ||     9
  Use: Potion            ||     1
  Eat: Chunk             ||     1
Armor: Robe              ||    27
       Skin              ||    15
Dodge: Dodged            ||    84
